Map: New Gettysburg LE

Players

Florencio - Winner!

  • Race: Protoss Protoss
  • League: Diamond

걍즐겜

  • Race: Terran Terran
  • League: Diamond

VOD

Have the link to the VOD?

Description

Time

  • Played on: Oct. 12, 2016, 11:39 p.m.
  • Length: 21:28
Show
View Real Time Build Order
Export as new Build Order

Florencio Protoss - Winner!

Build Orders:  

Get SALT Encoding   

  12  0:01  Probe (Chrono Boost)  
  13  0:11  Probe (Chrono Boost)  
  14  0:22  Probe (Chrono Boost)  
  15  0:28  Pylon  
  15  0:45  Pylon  
  15  0:47  Probe (Chrono Boost)  
  16  1:05  Gateway  
  16  1:07  Gateway  
  16  1:21  Probe (Chrono Boost)  
  17  1:31  Pylon  
  16  1:53  Nexus  
  16  1:55  Pylon  
  16  2:00  Cybernetics Core  
  18  2:03  Assimilator  
  18  2:05  Probe (Chrono Boost)  
  19  2:08  Assimilator  
  19  2:14  Forge  
  17  2:16  Probe (Chrono Boost)  
  18  2:32  Probe (Chrono Boost)  
  19  2:43  Gateway, Probe (Chrono Boost)  
  20  2:53  Photon Cannon  
  20  2:55  Photon Cannon  
  20  2:58  Probe (Chrono Boost)  
  22  3:05  Probe (Chrono Boost)  
  23  3:13  Probe (Chrono Boost)  
  23  3:16  Probe (Chrono Boost)  
  24  3:23  Probe (Chrono Boost)  
  24  3:26  Stargate  
  24  3:27  Probe (Chrono Boost)  
  26  3:34  Probe (Chrono Boost)  
  27  3:37  Probe (Chrono Boost)  
  27  3:40  Adept  
  30  3:44  Probe (Chrono Boost)  
  30  3:48  Probe (Chrono Boost)  
  32  3:52  Assimilator  
  32  3:55  Probe (Chrono Boost)  
  33  3:58  Probe (Chrono Boost)  
  33  4:01  Pylon  
  34  4:05  Probe (Chrono Boost)  
  34  4:09  Probe (Chrono Boost)  
  36  4:12  Oracle  
  39  4:17  Probe (Chrono Boost)  
  39  4:21  Photon Cannon  
  40  4:26  Pylon  
  40  4:28  Probe (Chrono Boost)  
  42  4:33  Mothership Core (Chrono Boost)  
  42  4:35  Photon Cannon  
  43  4:39  Pylon  
  38  5:05  Probe (Chrono Boost)  
  39  5:15  Probe (Chrono Boost)  
  40  5:24  Photon Cannon  
  40  5:26  Probe (Chrono Boost)  
  40  5:27  Photon Cannon  
  41  5:36  Void Ray, Probe (Chrono Boost)  
  41  5:38  Probe (Chrono Boost)  
  41  5:41  Assimilator  
  47  5:47  Probe (Chrono Boost)  
  47  5:48  Probe (Chrono Boost)  
  49  5:54  Adept  
  51  5:58  Probe (Chrono Boost)  
  51  5:59  Probe (Chrono Boost)  
  53  6:08  Probe (Chrono Boost)  
  52  6:19  Void Ray  
  52  6:23  Stargate  
  52  6:25  Robotics Facility  
  56  6:27  Pylon, Probe (Chrono Boost)  
  57  6:37  Probe (Chrono Boost)  
  57  6:38  Probe (Chrono Boost)  
  59  6:41  Pylon  
  59  6:49  Stargate  
  59  6:56  Photon Cannon  
  59  6:57  Pylon  
  59  7:00  Pylon  
  59  7:16  Void Ray x2  
  67  7:26  Pylon  
  67  7:29  Photon Cannon  
  67  7:31  Photon Cannon  
  67  7:33  Void Ray  
  71  7:46  Photon Cannon  
  71  7:48  Photon Cannon  
  71  7:55  Robotics Bay  
  71  7:58  Pylon, Oracle  
  74  8:06  Void Ray  
  78  8:30  Void Ray  
  82  8:34  Void Ray  
  84  8:49  Photon Cannon  
  84  8:53  Photon Cannon  
  84  8:54  Photon Cannon  
  84  8:57  Photon Cannon  
  84  8:58  Photon Cannon  
  51  9:28  Void Ray  
  51  9:29  Void Ray x2  
  63  9:34  Probe (Chrono Boost)  
  64  9:44  Probe (Chrono Boost)  
  56  9:55  Probe (Chrono Boost)  
  56  9:56  Colossus  
  56  9:58  Probe (Chrono Boost)  
  50  10:05  Probe (Chrono Boost)  
  57  10:11  Void Ray, Probe (Chrono Boost)  
  62  10:16  Probe (Chrono Boost)  
  63  10:27  Mothership Core (Chrono Boost), Probe (Chrono Boost)  
  66  10:30  Extended Thermal Lance  
  66  10:39  Probe (Chrono Boost)  
  67  10:45  Pylon  
  67  10:47  Pylon, Colossus  
  73  11:36  Void Ray x3  
  85  11:42  Colossus  
  87  12:27  Void Ray  
  87  12:29  Colossus  
  97  13:21  Colossus  
  97  13:25  Void Ray  
  87  14:07  Void Ray  
  87  14:08  Void Ray  
  65  14:23  Void Ray  
  69  14:29  Nexus  
  69  14:31  Pylon  
  69  14:32  Colossus  
  69  14:33  Pylon x2  
  69  14:34  Pylon  
  69  14:38  Pylon  
  75  15:15  Nexus  
  75  15:17  Photon Cannon  
  75  15:19  Photon Cannon  
  75  15:21  Photon Cannon  
  75  15:27  Pylon  
  75  15:49  Void Ray  
  79  16:07  Assimilator  
  79  16:17  Void Ray  
  83  16:30  Twilight Council  
  83  16:56  Warp Gate  
  83  16:57  Assimilator  
  87  17:08  Templar Archives  
  83  17:12  Gateway x2  
  83  17:14  Gateway  
  83  17:17  Gateway  
  85  17:23  Mothership Core (Chrono Boost)  
  77  17:46  Void Ray  
  77  17:51  Void Ray  
  85  17:52  Psionic Storm  
  85  18:00  Pylon  
  89  18:05  High Templar x2  
  89  18:09  High Templar  
  91  18:17  High Templar  
  93  18:30  Pylon  
  93  18:33  Pylon  
  92  19:08  High Templar x2  
  96  19:12  Zealot  
  96  19:13  Zealot  
  94  19:39  Void Ray  
  94  19:41  Stalker x3  
  94  19:42  Stalker  
  80  20:20  Archon  
  50  20:32  Stalker  
  52  20:40  Zealot  
Show
View Real Time Build Order
Export as new Build Order

걍즐겜 Terran 

Build Orders: MMM Bio 

Get SALT Encoding   

  12  0:00  SCV  
  13  0:13  SCV  
  14  0:18  Supply Depot  
  14  0:25  SCV  
  15  0:40  SCV  
  15  0:42  Barracks  
  16  0:44  Refinery  
  16  0:52  SCV  
  17  0:59  Supply Depot  
  17  1:06  SCV  
  18  1:28  Orbital Command  
  18  1:30  Bunker  
  18  1:39  Marine  
  19  1:54  Factory  
  19  2:01  SCV  
  19  2:07  Marine  
  21  2:14  Barracks  
  21  2:15  Refinery  
  21  2:18  SCV  
  22  2:25  Marine  
  23  2:35  SCV  
  24  2:39  Starport  
  24  2:44  Factory Reactor  
  24  2:45  Marine  
  25  3:01  Barracks Tech Lab  
  25  3:03  Marine  
  26  3:08  SCV  
  27  3:13  Supply Depot  
  27  3:24  SCV  
  27  3:28  Medivac x2  
  27  3:34  Widow Mine, Marine x2  
  35  3:49  Stimpack  
  35  3:52  Marine x2  
  37  3:56  Supply Depot  
  37  4:18  Command Center  
  37  4:22  Medivac  
  39  4:32  Widow Mine  
  40  4:56  Marine x2  
  40  4:57  Medivac x2  
  38  5:09  SCV  
  38  5:13  Engineering Bay  
  39  5:18  Barracks  
  39  5:23  Marauder  
  41  5:30  Marine  
  42  5:41  Orbital Command  
  42  5:47  Terran Infantry Weapons Level 1  
  42  5:50  Combat Shields  
  42  5:51  Marine  
  42  5:53  Marine  
  44  5:57  SCV  
  45  6:09  Marine  
  45  6:11  Liberator, Marine  
  47  6:17  Marine  
  48  6:22  SCV x2  
  50  6:26  Marine  
  50  6:29  Marauder  
  56  6:34  Marine  
  56  6:39  Missile Turret  
  58  6:40  SCV  
  58  6:41  SCV  
  58  6:46  Missile Turret  
  59  6:52  Barracks Tech Lab  
  59  6:57  Barracks  
  59  7:01  Marine  
  59  7:02  Marauder  
  62  7:15  Marine  
  62  7:20  Viking x2, Marine  
  62  7:21  Supply Depot  
  67  7:27  SCV x2  
  69  7:35  Concussive Shells  
  69  7:45  Marine x2  
  69  7:46  Marine x2  
  69  7:50  Viking x2, Supply Depot  
  77  8:00  Terran Infantry Armor Level 1  
  77  8:02  Marine  
  77  8:04  Supply Depot  
  78  8:12  SCV  
  79  8:20  Command Center  
  79  8:22  Marine  
  79  8:24  Marine  
  81  8:27  Marine  
  82  8:36  Marine  
  82  8:40  Marine  
  84  8:42  Marine  
  84  8:45  Marine  
  86  8:54  Marine  
  87  8:56  Medivac x2  
  87  8:58  Marine  
  87  9:00  Marine  
  87  9:02  Marine  
  89  9:20  Marine  
  89  9:21  Marine x2  
  89  9:22  Marine  
  73  9:34  SCV  
  73  9:38  Marine  
  74  9:39  Marine x2  
  74  9:40  Marine  
  64  9:56  Marine  
  64  9:57  Marine x3  
  64  9:58  Medivac x2  
  68  10:14  Marine  
  68  10:15  Orbital Command, Marine x3  
  72  10:32  Marine  
  72  10:33  Marine x3  
  72  10:34  Barracks  
  74  10:36  Barracks x2  
  74  10:49  Marine  
  74  10:51  Marauder x2  
  74  10:55  Refinery  
  74  10:56  Refinery x2  
  79  10:57  Refinery  
  79  11:05  Marine  
  79  11:07  Marine  
  81  11:12  Marauder, Marine  
  84  11:23  Marine  
  85  11:35  Marine x5  
  85  11:36  Marine  
  91  11:41  Marine  
  92  11:53  Viking  
  94  12:11  Marine  
  94  12:24  Command Center  
  94  12:27  Supply Depot  
  94  12:28  Supply Depot x2  
  94  12:44  Marine x3  
  94  12:45  Marine x2  
  94  12:46  Marauder  
  94  12:47  Viking, Marauder  
  63  13:00  Viking  
  63  13:02  Marine x3  
  63  13:03  Marine x2  
  70  13:07  Marine  
  70  13:08  Marine  
  72  13:17  Viking  
  74  13:20  Marine  
  74  13:23  Factory Reactor  
  74  13:24  Armory, Marine x2  
  74  13:25  Marine  
  78  13:30  Viking, Marine  
  78  13:32  Starport  
  81  13:38  Marine  
  81  13:47  Viking  
  66  13:58  Marine  
  66  13:59  Marine x3  
  45  14:18  Marine x3  
  45  14:24  SCV  
  49  14:26  SCV  
  50  14:32  Marine  
  50  14:37  Marine  
  52  14:53  Marine  
  52  14:57  Orbital Command  
  53  15:02  Marine  
  49  15:18  Marine x4  
  53  15:25  SCV  
  53  15:26  SCV  
  55  15:30  Marine  
  55  15:34  Medivac  
  58  15:41  Marine  
  59  15:43  Marine  
  59  15:44  Marine  
  59  15:47  SCV  
  62  15:51  Medivac  
  62  15:55  Medivac  
  66  15:58  Marine  
  66  15:59  Marine  
  66  16:02  Marine  
  69  16:05  Factory Tech Lab  
  69  16:06  Marine  
  69  16:10  Marine  
  71  16:12  SCV  
  71  16:16  SCV  
  73  16:22  Marine x3  
  77  16:29  Marine x2  
  77  16:32  Cyclone  
  82  16:33  Marine  
  83  16:44  SCV  
  83  16:45  Marine x4  
  87  16:51  Marine x3  
  90  17:02  Marine  
  90  17:03  Marine x2  
  93  17:08  Cyclone  
  97  17:18  SCV  
  97  17:20  Marine x4  
  102  17:31  Marine x3  
  105  17:38  Marine  
  100  17:45  Cyclone  
  100  17:48  SCV  
  100  17:50  Marine x3  
  108  18:00  SCV  
  109  18:17  Marine x3  
  112  18:21  Command Center  
  112  18:27  Marine x4  
  114  18:50  Marine x4  
  118  19:02  Supply Depot  
  118  19:03  Supply Depot  
  118  19:04  Supply Depot  
  118  19:15  Marine x2  
  116  19:23  Marine x2  
  116  19:24  Marauder, Marine  
  121  19:33  Marauder  
  122  19:39  Marine x2  
  122  19:43  Marine x2  
  126  19:46  Marauder  
  128  19:55  Marauder  
  128  19:57  Ghost Academy  
  59  20:23  Marine x3  
  59  20:24  Marine x2  
  39  20:32  Viking, Medivac  
  43  20:41  Orbital Command  
Tags
 
Add a new tag
Caveats
  • Supply blocks, unpowered buildings, or Contaminate may cause inaccurate times.
  • Supply counts are checked every 10 seconds.